 Dungeon Crawl Stone Soup version 0.30-a0-777-ga9a30cbeda (console) character file.

Game seed: 5686295645366191548

62 rlgrobin the Insei (level 3, 0/29 HPs)
             Began as a Mummy Monk on Feb 14, 2023.
             Slain by Natasha (7 damage)
             ... on level 2 of the Dungeon.
             The game lasted 00:05:10 (2017 turns).

rlgrobin the Insei (Mummy Monk)                     Turns: 2017, Time: 00:05:11

Health: 0/29       AC:  0    Str: 14    XL:     3   Next: 85%
Magic:  3/3        EV: 12    Int:  9    God:
Gold:   93         SH:  0    Dex: 16    Spells: 2/2 levels left

rFire   x . .      SeeInvis .      - Unarmed
rCold   + . .      Faith    +    (no shield)
rNeg    + + +      Spirit   .    (no body armour)
rPois   ∞          Reflect  .    (no helmet)
rElec   .          Harm     .    (no cloak)
rCorr   .          Rampage  .    (no gloves)
Will    .....                    (no boots)
Stlth   ++                       (no amulet)
HPRegen 0.24/turn                (no ring)
MPRegen 0.08/turn                (no ring)

@: no status effects
A: cold resistance 1, negative energy resistance 3, torment resistance 2, heat
vulnerability 1, in touch with death 1, no potions, faith
a: no special abilities


You were on level 2 of the Dungeon.
You visited 1 branch of the dungeon, and saw 2 of its levels.

You collected 93 gold pieces.

Inventory:

Scrolls
 a - 3 scrolls of identify {unknown}
 b - a scroll of fog {unknown}
 c - a scroll of immolation {unknown}
 d - 2 scrolls of enchant weapon {unknown}
 e - a scroll of amnesia {unknown}
 f - a scroll of brand weapon {unknown}


   Skills:
 - Level 3.0 Fighting
 - Level 2.4 Dodging
 - Level 1.5 Stealth
 + Level 4.0 Unarmed Combat


You had 2 spell levels left.
You didn't know any spells.
Your spell library contained the following spells:

 Spells                   Type           Power      Damage    Failure   Level
 Slow                     Hex            0%         N/A       38%         1
 Confusing Touch          Hex            0%         N/A       77%         3
 Vampiric Draining        Necr           0%         2d6       77%         3
 Manifold Assault         Tloc           0%         N/A       99%         4
 Dispersal                Tloc           0%         N/A       100%        6
 Disjunction              Tloc           0%         N/A       100%        8


Dungeon Overview and Level Annotations

Branches:
Dungeon (2/15)

Altars:

Shops:
D:2 *

Annotations:
D:2 exclusion: adder, Natasha, Sigmund


Innate Abilities, Weirdness & Mutations

You are immune to poison.
Your flesh is cold resistant. (rC+)
You are immune to negative energy. (rN+++)
You are immune to unholy pain and torment.
You are vulnerable to heat. (rF-)
You are in touch with the powers of death.
You do not drink.
You have a special connection with the divine. (Faith)


Message History

You see here a jackal corpse.
You see here 2 puce potions.
There is an open door here.
Natasha, Servant of Life and Death comes into view.
There is an open door here.
A kobold comes into view. It is wielding a +0 whip.
The kobold shouts!
You hit the kobold.
You kill the kobold!
Things that are here:
a +0 whip; a kobold corpse
Press: ? - help, . - travel You can't see that place. [a shop.] Natasha and a hobgoblin come into view.
An adder comes into view.
Natasha hisses angrily.
The hobgoblin shouts!
Natasha casts a spell at you. You resist with some effort.
Natasha casts a spell.
Natasha casts a spell at you. The magic dart hits you! Natasha claws you!
You hit Natasha.
Natasha is lightly wounded.
Natasha barely misses you.
The crimson imp blinks!
You barely miss Natasha.
Natasha is lightly wounded.
Natasha closely misses you.
You hit Natasha.
Natasha is moderately wounded.
Natasha claws you.
* * * LOW HITPOINT WARNING * * *
You closely miss Natasha.
Natasha is moderately wounded.
Natasha barely misses you.
You closely miss Natasha.
Natasha is moderately wounded.
Natasha claws you!
You die...

##########
#.....@hS#
#.######g# ##
#...... #.#
#........##.....@
#.#
#.g#####.##.....
#.# #S..
.....+.... #.#
#... #...#.r. .
#.#
#..####...#.###..
#.#
#..........@#∩+..
#.#
#######.....###..


You could see Natasha, an adder and a hobgoblin.

Vanquished Creatures
  Natasha (D:2)
  A dart slug (D:1)
  3 ball pythons
  4 endoplasms
  2 giant cockroaches
  2 goblins (D:1)
  2 hobgoblins (D:1)
  2 jackals (D:2)
  2 quokkas (D:2)
  5 bats
  A frilled lizard (D:1)
  3 kobolds
  A rat (D:2)
29 creatures vanquished.

Notes
Turn   | Place    | Note
-------+----------+-------------------------------------------
     0 | D:1      | rlgrobin the Mummy Monk began the quest for the Orb.
     0 | D:1      | Reached XP level 1. HP: 18/18 MP: 1/1
     8 | D:1      | Noticed an elf
    10 | D:1      | Noticed a spriggan
    10 | D:1      | Noticed a troll
    12 | D:1      | Noticed a tengu
    12 | D:1      | Noticed a merfolk
    14 | D:1      | Noticed a vampire
    14 | D:1      | Noticed a human
    16 | D:1      | Noticed an armataur
    16 | D:1      | Noticed a draconian
    18 | D:1      | Noticed a gargoyle
    18 | D:1      | Noticed an octopode
    20 | D:1      | Noticed a vine stalker
    20 | D:1      | Noticed a meteoran
    22 | D:1      | Noticed a demonspawn
    24 | D:1      | Noticed an ogre
    24 | D:1      | Noticed a formicid
    27 | D:1      | Noticed a ghoul
    29 | D:1      | Noticed a naga
    29 | D:1      | Noticed a felid
    31 | D:1      | Noticed a tengu
    31 | D:1      | Noticed a minotaur
    33 | D:1      | Noticed a troll
   336 | D:1      | Reached skill level 3 in Unarmed Combat
   336 | D:1      | Reached XP level 2. HP: 17/24 MP: 2/2
  1355 | D:2      | Noticed Natasha
  1455 | D:2      | Found Yfeloack's Assorted Antiques.
  1459 | D:2      | Noticed Sigmund
  1465 | D:2      | Gained mutation: You are in touch with the powers of death.
                  | [Mummy growth]
  1465 | D:2      | Reached XP level 3. HP: 26/29 MP: 3/3
  1624 | D:2      | Killed Natasha
  1770 | D:2      | Reached skill level 4 in Unarmed Combat
  1932 | D:2      | Noticed Natasha
  2017 | D:2      | Slain by Natasha

Illustrated notes

Levels and vault maps discovered:
D:1:      kb_arrival_jail, layout_basic
D:2:      layout_basic, serial_shops, nicolae_shop_window_shopping,
          uniq_natasha, uniq_sigmund

Skill      XL: |  1  2  3 |
---------------+----------+-----
Unarmed Combat | 3 4 |  4.0
Fighting       | |  3.0
Dodging        | |  2.4
Stealth        | |  1.5

Action                     || total
---------------------------++-------
  Melee: Unarmed           ||   113
         Punch             ||     2
   Stab: Sleeping          ||     5
  Dodge: Dodged            ||    57

Table legend: (Time is in decaauts)
 A = Elapsed time spent in this place.
 B = Non-inter-level travel time spent in this place.
 C = Inter-level travel time spent in this place.
 D = Time resting spent in this place.
 E = Time spent auto-exploring this place.
 F = Levels seen in this place.
 G = Mean time per level.
                   A        B        C        D        E       F      G
               +--------+--------+--------+--------+--------+-----+--------+
         Total |   2012 |   1880 |    132 |    308 |   1028 |   2 | 1006.0 |
       Dungeon |   2012 |   1880 |    132 |    308 |   1028 |   2 | 1006.0 |
               +--------+--------+--------+--------+--------+-----+--------+

Top non-repeatable levels by time:
     D:1: 1338 daAuts
     D:2: 674 daAuts
